 Dungeon Crawl Stone Soup version 0.26-a0-542-gbaa144ba5c (webtiles) character file.

Game seed: 15345787079856064001

(classic levelgen) 10998 EnegeticOcto the Cleaver (level 11, 0/99 HPs)
             Began as a Deep Dwarf Fighter on Aug 18, 2020.
             Was a High Priest of Okawaru.
             Slain by a demonic crawler (4 damage)
             ... while paralysed by Rupert
             ... on level 1 of the Spider Nest.
             The game lasted 00:14:08 (2628 turns).

EnegeticOcto the Cleaver (Deep Dwarf Fighter)       Turns: 2628, Time: 00:14:09

Health: 0/99       AC: 25    Str: 23    XL:     11   Next: 43%
Magic:  18/18 (9)  EV:  2    Int:  5    God:    Okawaru [*****.]
Gold:   315        SH:  0    Dex: 12    Spells: 10/10 levels left

rFire    . . .     SeeInvis .   a - +0 war axe
rCold    . . .     Faith    .   n - +10 tower shield of Ignorance {rN+ Int-4}
rNeg     + . .     Spirit   .   A - +9 chain mail of Midwinter {rPois}
rPois    +         Reflect  .   (no helmet)
rElec    .         Harm     .   z - +1 cloak
rCorr    .                      C - +1 pair of gloves
MR       +....                  l - +2 pair of boots
Stlth    ..........             (no amulet)
HPRegen  0.00/turn              o - ring of magical power
MPRegen  0.16/turn              (no ring)

@: confused, paralysed, mighty, lethally poisoned (0 -> 0), non-regenerating,
hasted (expiring)
A: damage resistance, heal wounds, sense surroundings 2, no regeneration
a: Heal Wounds, Heroism, Finesse, Renounce Religion


You were on level 1 of the Spider Nest.
You worshipped Okawaru.
Okawaru was extremely pleased with you.
You visited 4 branches of the dungeon, and saw 16 of its levels.

You collected 315 gold pieces.

Inventory:

Hand Weapons
 a - a +0 war axe (weapon)
 m - the +13 scythe of Curses {drain, *Curse}
   (You found it on level 5 of the Dungeon)

   A truly terrible weapon, it drains the life of those it strikes.
   It curses itself when equipped.
Missiles
 y - 3 throwing nets (quivered) {!f}
Armour
 b - a +1 scale mail
 c - a +0 kite shield
 l - a +2 pair of boots (worn)
 n - the +10 tower shield of Ignorance (worn) {rN+ Int-4}
   (You found it on level 11 of the Dungeon)

   It affects your intelligence (-4).
   It protects you from negative energy.
 s - a +1 kite shield of fire resistance
 t - a +0 chain mail
 z - a +1 cloak (worn)
 A - the +9 chain mail of Midwinter (worn) {rPois}
   (You found it on level 11 of the Dungeon)

   It protects you from poison.
 B - a scarf of repulsion
 C - a +1 pair of gloves (worn)
Jewellery
 o - a ring of magical power (left hand)
Wands
 f - a wand of acid (6) {@v1}
 v - a wand of flame (8) {@v4}
Scrolls
 e - 2 scrolls of immolation
 g - 3 scrolls of remove curse {@r2}
 h - a scroll of amnesia
 i - 3 scrolls of teleportation {@r3 !r}
 j - a scroll of fog {!r}
 k - 2 scrolls of fear {!r}
Potions
 d - 3 potions of might {@q3 !q}
 p - 2 potions of heal wounds {@q2 !q}
 q - a potion of stabbing {@q5 !q}
 r - a potion of curing {@q1 !q}
 u - 2 potions of haste {@q4 !q}
 w - a potion of berserk rage {unknown}
 x - a potion of flight {unknown}


   Skills:
 + Level 6.4 Fighting
 - Level 11.2(13.1) Axes
 - Level 9.9(11.4) Polearms
 - Level 3.2 Armour
 + Level 7.0 Shields
 + Level 8.2 Invocations


You had 10 spell levels left.
You didn't know any spells.
Your spell library was empty.

Dungeon Overview and Level Annotations

Branches:
Dungeon (11/15)            Temple (1/1) D:5            Lair (3/6) D:10
 Spider (1/4) Lair:3
  Swamp: Lair:2-4    Shoals: Lair:2-4       Orc: D:9-12

Altars:
Ashenzari
Cheibriados
Elyvilon
Hepliaklqana
Kikubaaqudgha
Makhleb
Okawaru
Qazlal
Ru
Trog
Uskayaw
Xom
Yredelemnul
Zin
The Shining One

Annotations:
D:11 1 runed translucent door, exclusion: orange crystal statue
Spider:1 Rupert


Innate Abilities, Weirdness & Mutations

You are resistant to damage.
You can heal yourself by infusing magical energy.
You passively map the area around you.
You do not regenerate.


Message History

You closely miss the redback. You slash the demonic crawler!
You feel sick.
The jumping spider leaps!
You block the redback's attack. You block the demonic crawler's attack.
The demonic crawler hits you! You block the demonic crawler's attack.
The tarantella bites you but does no damage.
You hear an angry hiss.
You barely miss the tarantella.
The tarantella is heavily wounded.
Your chain mail of Midwinter prevents you from hitting the demonic crawler.
You slash the redback!
You kill the redback!
Okawaru accepts your kill.
Your base Shields skill increases to level 7!
You barely miss Rupert.
The jumping spider leaps!
A redback comes into view.
You block Rupert's attack.
You hit the tarantella.
The tarantella is heavily wounded.
You hit Rupert. You hit the demonic crawler. You slice the demonic crawler!!
You feel sick.
Rupert is no longer berserk.
The jumping spider leaps!
You block the tarantella's attack. You block the demonic crawler's attack.
The demonic crawler hits you but does no damage.
You block the demonic crawler's attack.
You slash the tarantella!
You kill the tarantella!
Okawaru accepts your kill.
You slash Rupert! You slice the demonic crawler!!
You hit the demonic crawler but do no damage.
You feel sick. You block the demonic crawler's attack.
The demonic crawler hits you but does no damage.
You block the demonic crawler's attack. Rupert yells loudly at you.
You suddenly lose the ability to move!
The demonic crawler hits you but does no damage. x3
You feel sick.
The demonic crawler hits you but does no damage. x2
The demonic crawler hits you.
The demonic crawler hits you but does no damage. x4
The demonic crawler hits you. x2
The jumping spider pounces on you but does no damage.
The jumping spider bites you but does no damage.
The demonic crawler hits you but does no damage. x2
The demonic crawler barely misses you.
You feel sick.
The jumping spider leaps!
The demonic crawler hits you but does no damage.
The demonic crawler hits you.
The demonic crawler hits you but does no damage.
The jumping spider pounces on you but does no damage.
The jumping spider bites you but does no damage.
The demonic crawler hits you but does no damage. x3
Rupert hits you with a +0 battleaxe of electrocution.
The demonic crawler hits you but does no damage. x3
The demonic crawler hits you. x2
The demonic crawler hits you but does no damage.
You feel sick. The jumping spider pounces on you!
The jumping spider bites you but does no damage.
The demonic crawler hits you but does no damage. x2
The demonic crawler hits you. x2
The demonic crawler hits you but does no damage. x3
The demonic crawler barely misses you.
The demonic crawler hits you but does no damage.
The jumping spider pounces on you but does no damage.
The jumping spider bites you but does no damage.
The demonic crawler hits you but does no damage.
The demonic crawler completely misses you.
The demonic crawler hits you but does no damage.
Your extra speed is starting to run out.
The demonic crawler hits you but does no damage. x2
The demonic crawler hits you.
The demonic crawler hits you but does no damage.
The demonic crawler hits you.
The demonic crawler hits you but does no damage.
The jumping spider leaps!
Rupert yells loudly at you.
You are confused.
The jumping spider leaps!
The demonic crawler hits you.
The demonic crawler hits you but does no damage. x2
You feel like a meek peon again. The demonic crawler hits you.
The demonic crawler hits you but does no damage. x5
The jumping spider leaps!
The demonic crawler hits you but does no damage.
The demonic crawler hits you. x2
Rupert hits you with a +0 battleaxe of electrocution.
* * * LOW HITPOINT WARNING * * *
You are electrocuted!
* * * LOW HITPOINT WARNING * * *
The demonic crawler hits you but does no damage. x2
The demonic crawler barely misses you.
The demonic crawler hits you but does no damage. x3
The jumping spider pounces on you but does no damage.
The jumping spider completely misses you.
The demonic crawler hits you but does no damage. x2
The demonic crawler hits you!
* * * LOW HITPOINT WARNING * * *
The demonic crawler hits you.
* * * LOW HITPOINT WARNING * * *
The demonic crawler hits you but does no damage.
The demonic crawler hits you.
You die... , , , , , ......##.... * , * ..........##. , ,,, , ............,, , , , , , , ......○.. ,, , , , ,,* , ..s.... , , , ssys##,

,* , , ,
#@ss.##
, , ,
#@ss..#*
,, , *
#sss...#
,, , * *
, ,
#°.....#
, ,, ,
########
, , , ,
, ,, * ,
* , * **
, * , *
,,,, , ,
, , ,,
,,, , ,
, , , ,


You could see Rupert (slow), 4 demonic crawlers, a hornet, 2 jumping spiders and
5 redbacks.

Vanquished Creatures
  Harold (D:11)
  A hydra (Lair:3)
  A two-headed ogre (D:6)
  An unseen horror (D:11)
  A cyclops (D:11)
  A wolf spider (Spider:1)
  2 ugly things (D:11)
  A torpor snail (Spider:1)
  A cane toad (Lair:3)
  A komodo dragon (D:10)
  2 jumping spiders (Lair:3)
  A hippogriff (D:6)
  11 redbacks
  3 tarantellas (Spider:1)
  A vampire (D:11)
  Eustachio (D:5)
  Menkaure (D:6)
  5 water moccasins
  A black bear (D:6)
  An orc warrior (D:6)
  A sky beast (D:5)
  A necrophage (D:11)
  A centaur (D:11)
  3 ogres
  3 wolves (Lair:3)
  A crocodile (Lair:3)
  4 bullfrogs
  A big kobold (D:7)
  3 scorpions
  3 killer bees (D:11)
  A wight (D:11)
  A howler monkey (D:6)
  A centaur zombie (D:6)
  A quasit (D:5)
  6 orc priests
  2 hounds
  2 iguanas
  4 orc wizards
  3 worker ants
  9 gnolls
  6 adders
  2 white imps
  4 ufetubi
  A worm (D:2)
  3 leopard geckos
  21 orcs
  3 ball pythons
  3 bats (D:1)
  A goblin (D:1)
  3 hobgoblins (D:1)
  3 kobolds (D:7)
  4 quokkas
  5 frilled lizards
  2 rats (D:1)
  2 plants
152 creatures vanquished.

Vanquished Creatures (others)
  A plant (D:10)
1 creature vanquished.

Grand Total: 153 creatures vanquished

Notes
Turn   | Place    | Note
-------+----------+-------------------------------------------
     0 | D:1      | EnegeticOcto the Deep Dwarf Fighter began the quest for the
                  | Orb.
     0 | D:1      | Reached XP level 1. HP: 20/20 MP: 1/1
    65 | D:1      | Reached skill level 3 in Axes
    65 | D:1      | Reached XP level 2. HP: 27/27 MP: 2/2
   163 | D:2      | Reached XP level 3. HP: 26/33 MP: 3/3
   170 | D:2      | You fall into a shaft and drop 2 floors!
   206 | D:4      | Reached skill level 4 in Axes
   210 | D:4      | Reached skill level 5 in Axes
   210 | D:4      | Reached XP level 4. HP: 39/40 MP: 4/4
   307 | D:5      | Entered Level 5 of the Dungeon
   326 | D:5      | Reached XP level 5. HP: 36/46 MP: 5/5
   338 | D:5      | Noticed a sky beast
   346 | D:5      | Killed a sky beast
   346 | D:5      | Reached skill level 6 in Axes
   358 | D:6      | Reached skill level 7 in Axes
   358 | D:6      | Reached XP level 6. HP: 37/55 MP: 6/6
   368 | D:6      | Noticed a hippogriff
   374 | D:6      | Your magical essence is drained by the effort!
   380 | D:6      | Killed a hippogriff
   380 | D:6      | Reached skill level 8 in Axes
   426 | D:6      | Reached XP level 7. HP: 31/61 MP: 6/6
   459 | D:5      | Found the cursed +13 scythe of Curses {drain, *Curse}
   463 | D:5      | Reached skill level 9 in Axes
   523 | D:4      | Reached skill level 1 in Polearms
   598 | D:4      | Found a white marble altar of Elyvilon.
   599 | D:4      | Found a bloodstained altar of Trog.
   643 | D:5      | Reached skill level 2 in Polearms
   700 | D:5      | Your magical essence is drained by the effort!
   702 | D:5      | Reached skill level 3 in Polearms
   785 | D:7      | Reached skill level 4 in Polearms
   785 | D:7      | Reached XP level 8. HP: 56/68 MP: 6/6
   812 | D:7      | Reached skill level 5 in Polearms
   861 | D:7      | Reached skill level 6 in Polearms
   872 | D:7      | Your magical essence is drained by the effort!
   940 | D:6      | Your magical essence is drained by the effort!
   953 | D:6      | Noticed a two-headed ogre
   956 | D:6      | Killed a two-headed ogre
   956 | D:6      | Reached skill level 8 in Polearms
   956 | D:6      | Gained mutation: You passively map the area around you.
                  | [Deep Dwarf growth]
   956 | D:6      | Reached XP level 9. HP: 47/74 MP: 5/5
   996 | D:6      | Noticed Menkaure
  1003 | D:6      | Killed Menkaure
  1340 | D:5      | Reached skill level 9 in Polearms
  1361 | D:5      | Noticed Eustachio
  1372 | D:5      | Killed Eustachio
  1383 | D:5      | Found a glowing golden altar of the Shining One.
  1399 | D:5      | Found a staircase to the Ecumenical Temple.
  1408 | Temple   | Entered the Ecumenical Temple
  1426 | Temple   | Became a worshipper of Warmaster Okawaru
  1726 | D:10     | Entered Level 10 of the Dungeon
  1781 | D:11     | Noticed Harold
  1794 | D:11     | Killed Harold
  1794 | D:11     | Reached skill level 3 in Fighting
  1794 | D:11     | Reached skill level 3 in Invocations
  1841 | D:11     | Found a runed translucent door.
  1857 | D:11     | Found the +10 tower shield of Ignorance {rN+ Int-4}
  1859 | D:11     | Found a runed translucent door.
  1929 | D:11     | Noticed an orange crystal statue
  1937 | D:11     | Noticed a white ugly thing
  1943 | D:11     | Your magical essence is drained by the effort!
  1948 | D:11     | Killed a white ugly thing
  1948 | D:11     | Reached * piety under Okawaru
  1948 | D:11     | Reached skill level 4 in Fighting
  1948 | D:11     | Reached skill level 4 in Invocations
  1948 | D:11     | Reached XP level 10. HP: 66/85 MP: 8/8
  1965 | D:11     | Noticed a purple ugly thing
  1975 | D:11     | Killed a purple ugly thing
  1975 | D:11     | Reached skill level 4 in Shields
  2050 | D:11     | Noticed a cyclops
  2064 | D:11     | Your magical essence is drained by the effort!
  2066 | D:11     | Killed a cyclops
  2066 | D:11     | Reached ** piety under Okawaru
  2067 | D:11     | Reached skill level 10 in Axes
  2067 | D:11     | Reached skill level 5 in Invocations
  2098 | D:11     | Your magical essence is drained by the effort!
  2160 | D:11     | Killed an unseen horror
  2230 | D:11     | Got a steaming chain mail
  2241 | D:11     | Identified the +9 chain mail of Midwinter {rPois} (You
                  | found it on level 11 of the Dungeon)
  2321 | D:10     | Found a staircase to the Lair.
  2340 | D:10     | Reached skill level 5 in Shields
  2345 | Lair:1   | Entered Level 1 of the Lair of Beasts
  2373 | Lair:2   | Reached skill level 5 in Fighting
  2410 | Lair:3   | Noticed a five-headed hydra
  2410 | Lair:3   | Noticed a cane toad
  2414 | Lair:3   | Killed a five-headed hydra
  2414 | Lair:3   | Reached *** piety under Okawaru
  2414 | Lair:3   | Reached skill level 6 in Invocations
  2427 | Lair:3   | Killed a cane toad
  2447 | Lair:3   | Reached skill level 11 in Axes
  2508 | Lair:3   | Found a hole to the Spider Nest.
  2516 | Lair:3   | Reached XP level 11. HP: 90/96 MP: 8/8
  2552 | Lair:3   | Reached **** piety under Okawaru
  2579 | Spider:1 | Entered Level 1 of the Spider Nest
  2579 | Spider:1 | Noticed Rupert
  2579 | Spider:1 | Noticed a wolf spider
  2587 | Spider:1 | Killed a wolf spider
  2587 | Spider:1 | Reached skill level 6 in Shields
  2587 | Spider:1 | Reached skill level 7 in Invocations
  2587 | Spider:1 | Noticed a wolf spider
  2601 | Spider:1 | Reached skill level 6 in Fighting
  2610 | Spider:1 | Received a gift from Okawaru
  2616 | Spider:1 | Your magical essence is drained by the effort!
  2618 | Spider:1 | Reached skill level 8 in Invocations
  2619 | Spider:1 | Reached ***** piety under Okawaru
  2620 | Spider:1 | Reached skill level 7 in Shields
  2622 | Spider:1 | Paralysed by Rupert for 6 turns
  2628 | Spider:1 | HP: 4/99 [demonic crawler (5)]
  2628 | Spider:1 | Slain by a demonic crawler

Illustrated notes

Levels and vault maps discovered:
D:1:      erik_arrival_blinker_ship, layout_rooms
D:2:      layout_rooms, mrwooster_statue_mirror, elyvilon_altar_4
D:3:      layout_loops_ring, minmay_misc_feat_square, uniq_ijyb
D:4:      layout_basic, gammafunk_temple_overflow_statue
D:5:      layout_gridville, lemuel_crystal_altar, minmay_temple_entry_overgrown,
          serial_rivers, chequers_serial_rivers_micro_c,
          chequers_serial_rivers_marsh, chequers_serial_rivers_large_a,
          chequers_serial_rivers_micro_b, serial_shops, kennysheep_mini_moat,
          uniq_eustachio
D:6:      layout_gridville, uniq_menkaure
D:7:      layout_basic, nrook_loot_triangle, kennysheep_generic_room_6
D:8:      layout_basic, grunt_temple_overflow_open
D:9:      layout_loops_ring, orc_0_dummy, serial_shops,
          nicolae_shop_behind_doors, xom_redecorated
D:10:     layout_grid_maze, david_lair_shrubbed, basic_altar, uniq_sonja,
          uniq_psyche, uniq_nergalle
D:11:     minmay_recursive_quarters, layout_loops_ring,
          chequers_guarded_unrand_ignorance, uniq_harold
Temple:   cyrus_circular_temple
Lair:1:   layout_chaotic_city, nicolae_lair_grove_arrangements
Lair:2:   mu_elephants_graveyard, layout_long_grid, palyth_hydra_swamp_entry,
          uniq_maggie, uniq_gastronok
Lair:3:   layout_regular_city, spider_nest_entry_a
Spider:1: layout_spider_delve, uniq_rupert

Skill      XL: |  1  2  3  4  5  6  7  8  9 10 11 |
---------------+----------------------------------+-----
Axes           | 3 5 7 8 9 11 | 11.2
Polearms       | 4 8 9 |  9.9
Fighting       | 4 5 6 |  6.4
Invocations    | 4 6 8 |  8.2
Shields        | 5 7 |  7.0
Armour         | |  3.2

Action                   |  1- 3 |  4- 6 |  7- 9 | 10-12 || total
-------------------------+-------+-------+-------+-------++-------
Melee: War axe           |    54 |    78 |    33 |   206 ||   371
       Scythe            |       |       |   136 |       ||   136
Invok: Heroism           |       |       |       |     4 ||     4
 Abil: Heal Wounds       |     4 |     1 |    11 |    17 ||    33
Evoke: Wand              |       |       |     4 |     4 ||     8
  Use: Scroll            |       |     5 |    11 |     5 ||    21
       Potion            |       |       |       |     3 ||     3
Armor: Scale mail        |    40 |    74 |    84 |       ||   198
       Chain mail        |       |       |     4 |   200 ||   204
Dodge: Dodged            |    30 |    45 |    97 |    35 ||   207
Block: Kite shield       |    37 |    63 |     9 |       ||   109
       Tower shield      |       |       |    21 |   335 ||   356

Table legend: (Time is in decaauts)
 A = Elapsed time spent in this place.
 B = Non-inter-level travel time spent in this place.
 C = Inter-level travel time spent in this place.
 D = Time resting spent in this place.
 E = Time spent auto-exploring this place.
 F = Levels seen in this place.
 G = Mean time per level.
                   A        B        C        D        E       F      G
               +--------+--------+--------+--------+--------+-----+--------+
         Total |   2758 |   2717 |     41 |      0 |      0 |  16 |  172.4 |
       Dungeon |   2462 |   2421 |     41 |      0 |      0 |  11 |  223.8 |
        Temple |     27 |     27 |      0 |      0 |      0 |   1 |   27.0 |
          Lair |    230 |    230 |      0 |      0 |      0 |   3 |   76.7 |
   Spider Nest |     38 |     38 |      0 |      0 |      0 |   1 |   38.0 |
               +--------+--------+--------+--------+--------+-----+--------+

Top non-repeatable levels by time:
    D:11: 497 daAuts
     D:5: 479 daAuts
     D:6: 354 daAuts
     D:7: 306 daAuts
     D:4: 247 daAuts
     D:8: 203 daAuts
  Lair:3: 165 daAuts
    D:10: 127 daAuts
     D:1: 119 daAuts
     D:2: 71 daAuts
     D:9: 48 daAuts
  Lair:2: 47 daAuts
Spider:1: 38 daAuts
  Temple: 27 daAuts
  Lair:1: 17 daAuts
